 Dungeon Crawl Stone Soup version 0.30-a0-782-ge64f9170bb (webtiles) character file.

Game seed: 16488794057616552082

28098 Bnni the Protected (level 13, -6/108 HPs)
             Began as a Formicid Venom Mage on Mar 2, 2023.
             Was a High Priest of Cheibriados.
             Mangled by Jorgrun
             ... wielding a +0 heavy quarterstaff
              (20 damage)
             ... on level 13 of the Dungeon.
             The game lasted 00:44:21 (16467 turns).

Bnni the Protected (Formicid Venom Mage)           Turns: 16467, Time: 00:44:21

Health: -6/108     AC: 15    Str: 22    XL:     13   Next: 70%
Magic:  5/20       EV:  9    Int: 31    God:    Cheibriados [*****.]
Gold:   920        SH:  9    Dex: 25    Spells: 0/18 levels left

rFire   + + .      SeeInvis +    a - +7 trident of Compound Interest {flame, rF+ Will++ Str-2}
rCold   . . .      Faith    .    J - +2 buckler
rNeg    . . .      Spirit   .    D - +0 chain mail
rPois   .          Reflect  .    (helmet unavailable)
rElec   .          Harm     .    (no cloak)
rCorr   +          Rampage  .    l - +0 pair of gloves
Will    +++..                    C - +0 pair of boots Stlth
                                 y - amulet of magic regeneration
HPRegen 0.38/turn                k - ring of protection from fire
MPRegen 0.57/turn                M - ring of resist corrosion

@: very slow
A: permanent stasis, dig shafts and tunnels, antennae 3, four strong arms
a: Dig, Shaft Self, Renounce Religion, Bend Time, Temporal Distortion, Slouch,
Step From Time


You were on level 13 of the Dungeon.
You worshipped Cheibriados.
Cheibriados was extremely pleased with you.
You visited 2 branches of the dungeon, and saw 14 of its levels.
You also visited: Ossuary.

You collected 962 gold pieces.
You spent 42 gold pieces at shops.

Inventory:

Hand Weapons
 a - the +7 trident of Compound Interest (weapon) {flame, rF+ Will++ Str-2}
   (You found it on level 6 of the Dungeon)

   Str:       It affects your strength (-2).
   rF:        It protects you from fire.
   Will:      It greatly increases your willpower.
 L - a +4 battleaxe
Armour
 l - a +0 pair of gloves (worn)
 C - a +0 pair of boots (worn)
 D - a +0 chain mail (worn)
 E - the +6 plate armour of Action {+Blink Will+ Str+2}
   (You found it on level 6 of the Dungeon)

   Str:       It affects your strength (+2).
   +Blink:    It lets you blink.
   Will:      It increases your willpower.
 J - a +2 buckler (worn)
Magical Staves
 w - a staff of poison
Jewellery
 k - a ring of protection from fire (left hand)
 p - a ring of fire
 y - an amulet of magic regeneration (around neck)
 M - a ring of resist corrosion (right hand)
 Q - a ring of ice
Wands
 G - a wand of digging (12)
 H - a wand of iceblast (8)
 I - a wand of flame (17)
 N - a wand of acid (8)
 P - a wand of paralysis (19)
Scrolls
 c - a scroll of butterflies
 d - 6 scrolls of poison {unknown}
 e - 3 scrolls of immolation {unknown}
 h - a scroll of noise {unknown}
 i - 3 scrolls of magic mapping
 n - 5 scrolls of fear
 q - 4 scrolls of fog
 s - 3 scrolls of enchant weapon
 B - 2 scrolls of amnesia
 K - 3 scrolls of enchant armour
Potions
 b - 2 potions of magic
 f - 3 potions of brilliance {unknown}
 j - 6 potions of flight {unknown}
 m - a potion of resistance {unknown}
 o - 2 potions of ambrosia {unknown}
 r - 2 potions of might
 t - 2 potions of attraction {unknown}
 v - a potion of cancellation {unknown}
 z - 9 potions of curing
 A - 2 potions of mutation {unknown}
 O - a potion of lignification {unknown}


   Skills:
 + Level 12.0 Fighting
 + Level 12.9 Armour
 - Level 1.7 Dodging
 - Level 2.4 Stealth
 - Level 5.0 Shields
 - Level 3.0 Spellcasting
 * Level 6.4 Transmutations
 - Level 5.0 Air Magic
 - Level 12.0 Poison Magic
 + Level 10.6 Invocations


You couldn't memorise any spells.
You knew the following spells:

 Your Spells              Type           Power      Damage    Failure   Level
a - Sting                 Tmut/Pois      100%       1d8       1%          1
b - Poisonous Vapours     Pois/Air       100%       N/A       1%          2
c - Mephitic Cloud        Conj/Pois/Air  39%        N/A       13%         3
d - Olgreb's Toxic Radia  Pois           68%        N/A       3%          4
e - Cigotuvi's Dreadful   Necr/Pois/Air  78%        N/A       6%          2
g - Eringya's Noxious Bo  Tmut/Pois      29%        N/A       83%         6

Your spell library contained the following spells:

 Spells                   Type           Power      Damage    Failure   Level
 Beastly Appendage        Tmut           88%        N/A       3%          1
 Spider Form              Tmut/Pois      58%        N/A       3%          3
 Wereblood                Tmut           44%        N/A       4%          2
 Alistair's Intoxication  Tmut/Pois      38%        N/A       26%         5
 Apportation              Tloc           8%         N/A       38%         1
 Magic Dart               Conj           16%        1d3       38%         1
 Call Imp                 Summ           4%         N/A       54%         2
 Kindle Blastsparks       Fire/Tloc/Air  28%        2d12      54%         3
 Blade Hands              Tmut           22%        N/A       63%         5
 Inner Flame              Hex/Fire       4%         N/A       77%         3
 Ozocubu's Armour         Ice            4%         N/A       77%         3
 Portal Projectile        Hex/Tloc       8%         N/A       77%         3
 Tukima's Dance           Hex            4%         N/A       77%         3
 Irradiate                Conj/Tmut      12%        3d15      97%         5
 Cause Fear               Hex            2%         N/A       99%         4
 Fulminant Prism          Conj/Hex       2%         3d5       99%         4
 Iskenderun's Mystic Bla  Conj/Tloc      4%         2d3       99%         4
 Iskenderun's Battlesphe  Conj           4%         2d6       100%        5
 Lee's Rapid Deconstruct  Erth           2%         3d4*      100%        5
 Iron Shot                Conj/Erth      2%         9d2       100%        6
 Dragon Form              Tmut           22%        N/A       100%        7
 Ozocubu's Refrigeration  Ice            2%         4d7       100%        7
 Spellforged Servitor     Conj/Summ      2%         N/A       100%        7
 Discord                  Hex            2%         N/A       100%        8


Dungeon Overview and Level Annotations

Branches:
Dungeon (13/15)            Temple (1/1) D:4            Lair (0/5) D:9
    Orc (0/2) D:9          Vaults (0/5) D:13        Ossuary (visited)

Altars:
Ashenzari
Cheibriados
Dithmenos
Elyvilon
Fedhas
Gozag
Hepliaklqana
Kikubaaqudgha
Makhleb
Nemelex Xobeh
Okawaru
Qazlal
Ru
Sif Muna
Trog
Uskayaw
Vehumet
Wu Jian
Xom
Yredelemnul
Zin
The Shining One

Shops:
D:6 *   D:11 [   D:12 *

Annotations:
D:4 3 runed translucent doors, NoOffense's ghost, amateur TrMo
D:13 Jorgrun


Innate Abilities, Weirdness & Mutations

You cannot be hasted, slowed, berserked, paralysed or teleported.
You can dig through walls and to a lower floor.
You have a pair of large antennae on your head. (SInv)
Your four strong arms can wield two-handed weapons with a shield.


Message History

Poisonous vapours surround Jorgrun!
Jorgrun looks as sick as possible!
Okay, then.
Casting: Poisonous Vapours (safe; 1% risk of failure)
Confirm with . or Enter, or press ? or * to list all spells.
Aiming: Mephitic Cloud (dangerous; 13% risk of failure)
Press: ? - help, Shift-Dir - straight line, p - Jorgrun The ball explodes into a vile cloud!
The stinking cloud engulfs Jorgrun but does no damage.
Jorgrun is severely wounded.
Jorgrun is engulfed in noxious fumes.
Jorgrun hits you with a +0 heavy quarterstaff!
* * * LOW HITPOINT WARNING * * *
You feel much better.
Casting: Mephitic Cloud (dangerous; 13% risk of failure)
Confirm with . or Enter, or press ? or * to list all spells.
Aiming: Mephitic Cloud (dangerous; 13% risk of failure)
Press: ? - help, Shift-Dir - straight line The ball explodes into a vile cloud!
The stinking cloud engulfs Jorgrun but does no damage.
Jorgrun is severely wounded.
Jorgrun is engulfed in noxious fumes.
Jorgrun hits you with a +0 heavy quarterstaff!!
* * * LOW HITPOINT WARNING * * *
Casting: Mephitic Cloud (dangerous; 13% risk of failure)
Confirm with . or Enter, or press ? or * to list all spells.
Aiming: Mephitic Cloud (dangerous; 13% risk of failure)
Press: ? - help, Shift-Dir - straight line The ball explodes into a vile cloud!
The stinking cloud engulfs Jorgrun but does no damage.
Jorgrun is severely wounded.
You don't have enough magic at the moment.
Okay, then.
Aiming: Corrosive Bolt
Press: ? - help, Shift-Dir - straight line, f - Jorgrun
Aim: Jorgrun, wielding a +0 heavy quarterstaff and wearing a +0 robe (noxious fumes, severely wounded, extremely poisoned, slow, 53% to hit)
The bolt of acid hits Jorgrun!!
The acid corrodes Jorgrun!
Jorgrun is almost dead.
Jorgrun is engulfed in noxious fumes.
Jorgrun appears confused.
Jorgrun hits you with a +0 heavy quarterstaff!!
You die...

.#### #.# #......#
#...# ##### ###
########
#...####...###
.#...........###
.#....##.......##
.#....#####.....##
#.....# ###...°##
.#....# ###○.g##
.#....# ##@.○#
#....+ ##☼§..#
.....# #.....#
#..... ##... #.


You could see Jorgrun (confused, extremely poisoned, slow, corroded).

Vanquished Creatures
  2 hydras (D:13)
  4 centaur warriors (D:13)
  A boulder beetle (D:13)
  3 two-headed ogres
  The ghost of Opifex the Twirler, a novice DrMo of the Shining One (D:6)
  A deep elf archer (D:13)
  An orc knight (D:13)
  A deep elf zephyrmancer (D:13)
  3 ugly things
  A manticore (D:13)
  3 cyclopes
  2 gargoyles
  An unseen horror (D:10)
  Maggie (D:9)
  5 kobold demonologists
  A tengu conjurer (D:13)
  Grinder (D:6)
  3 meliai (D:13)
  5 trolls
  Prince Ribbit (D:6)
  2 hornets (D:10)
  A tarantella (shapeshifter) (D:13)
  2 vampires (D:11)
  3 shadows
  11 yaks
  5 wraiths
  A human (D:7)
  4 steam dragons
  Menkaure (D:6)
  8 vampire mosquitoes
  An acid dragon (D:10)
  A water moccasin (D:7)
  8 orc warriors
  2 sky beasts
  3 ice beasts (D:7)
  A boggart (D:13)
  4 black bears
  A wolf (D:9)
  17 centaurs
  2 phantoms
  An elf zombie (Ossuary)
  7 kobold brigands
  5 bullfrogs
  3 necrophages
  A gnoll sergeant (D:8)
  11 scorpions
  8 wights
  2 killer bees
  An electric eel (D:9)
  7 howler monkeys
  A jelly (D:7)
  3 gnoll boudas
  14 orc priests
  9 hounds
  14 orc wizards
  3 iguanas
  A hound zombie (Ossuary)
  4 mummies (Ossuary)
  11 gnolls
  11 adders
  4 white imps
  2 ufetubi
  2 adder zombies (Ossuary)
  A worm (D:4)
  57 orcs
  5 ball pythons
  14 bats
  7 endoplasms
  3 giant cockroaches
  3 goblins (D:1)
  4 hobgoblins
  8 jackals (D:1)
  2 quokkas
  4 frilled lizards
  A gnoll zombie (Ossuary)
  3 goblin zombies (Ossuary)
  A hobgoblin zombie (Ossuary)
  A jackal skeleton (D:7)
  2 jackal zombies (Ossuary)
  17 kobolds
  An orc zombie (Ossuary)
  4 rats
  A rat zombie (D:5)
383 creatures vanquished.

Vanquished Creatures (others)
  A fungus (D:10)
1 creature vanquished.

Grand Total: 384 creatures vanquished

Notes
Turn   | Place    | Note
-------+----------+-------------------------------------------
     0 | D:1      | Bnni the Formicid Venom Mage began the quest for the Orb.
     0 | D:1      | Reached XP level 1. HP: 13/13 MP: 3/3
    36 | D:1      | Reached XP level 2. HP: 11/20 MP: 0/5
    78 | D:1      | Learned a level 2 spell: Poisonous Vapours
   338 | D:1      | Reached skill level 1 in Fighting
   426 | D:1      | Reached XP level 3. HP: 24/26 MP: 2/6
   725 | D:1      | Found a faded altar of an unknown god.
  1179 | D:2      | Reached skill level 5 in Poison Magic
  1803 | D:3      | Reached XP level 4. HP: 23/32 MP: 0/8
  1955 | D:3      | Learned a level 4 spell: Olgreb's Toxic Radiance
  2767 | D:4      | Reached XP level 5. HP: 24/38 MP: 0/9
  2892 | D:4      | Reached skill level 1 in Shields
  3140 | D:4      | Reached skill level 1 in Armour
  3140 | D:4      | Reached XP level 6. HP: 42/46 MP: 5/10
  3192 | D:4      | Learned a level 3 spell: Mephitic Cloud
  3473 | D:4      | Found a runed translucent gate.
  3500 | D:4      | Found a runed translucent gate.
  3500 | D:4      | Found a runed translucent gate.
  3505 | D:4      | Noticed NoOffense's ghost (amateur TrMo)
  3581 | D:4      | Found a staircase to the Ecumenical Temple.
  3594 | Temple   | Entered the Ecumenical Temple
  3927 | D:5      | Entered Level 5 of the Dungeon
  3927 | D:5      | Found a sand-covered staircase.
  3940 | Ossuary  | Entered an ossuary
  4154 | Ossuary  | Reached XP level 7. HP: 31/52 MP: 11/11
  4370 | D:5      | Found an opulent altar of Gozag.
  4727 | D:5      | Reached XP level 8. HP: 56/60 MP: 9/12
  5092 | D:5      | Found a sparkling altar of Nemelex Xobeh.
  5184 | D:5      | Found an iron altar of Okawaru.
  5412 | D:6      | Noticed Prince Ribbit
  5587 | D:6      | Killed Prince Ribbit
  5588 | D:6      | Reached skill level 5 in Shields
  5686 | D:6      | Reached skill level 5 in Fighting
  5686 | D:6      | Reached skill level 10 in Poison Magic
  5686 | D:6      | Reached XP level 9. HP: 68/68 MP: 11/13
  5714 | D:6      | Noticed Grinder
  5731 | D:6      | Killed Grinder
  5732 | D:6      | Reached skill level 1 in Air Magic
  5841 | D:6      | Identified the +7 trident of Compound Interest {flame, rF+
                  | Will++ Str-2}
  6039 | D:6      | Identified the +6 plate armour of Action {+Blink Will+
                  | Str+2}
  6045 | D:6      | Noticed Menkaure
  6051 | D:6      | Reached skill level 5 in Armour
  6081 | D:6      | Killed Menkaure
  6125 | D:6      | Found a runed translucent door.
  6324 | D:6      | Found Muzos's General Store.
  6351 | D:6      | Bought a potion of curing for 42 gold pieces
  6400 | D:6      | Noticed Opifex's ghost (novice DrMo)
  6546 | D:6      | Killed Opifex's ghost
  6547 | D:6      | Reached XP level 10. HP: 23/76 MP: 14/14
  7079 | D:7      | Identified the +1 spear of Psychosis {pain, Int+4 Dex-2}
  7211 | D:7      | Found a snail-covered altar of Cheibriados.
  7219 | D:7      | Became a worshipper of Cheibriados the Contemplative
  7406 | D:7      | Reached skill level 1 in Invocations
  7420 | D:7      | HP: 1/79 [ice beast (7)]
  7959 | D:7      | Reached * piety under Cheibriados
  7973 | D:7      | Found a shadowy altar of Dithmenos.
  7980 | D:7      | Found a runed translucent door.
  7985 | D:7      | Found a basalt altar of Yredelemnul.
  8199 | D:7      | Noticed a kobold demonologist
  8199 | D:7      | Noticed a cyclops
  8200 | D:7      | Noticed a purple ugly thing
  8207 | D:7      | Noticed a gargoyle
  8211 | D:7      | Killed a cyclops
  8211 | D:7      | Killed a purple ugly thing
  8212 | D:7      | Reached XP level 11. HP: 68/86 MP: 8/15
  8214 | D:7      | Reached skill level 5 in Air Magic
  8227 | D:7      | Reached skill level 5 in Invocations
  8802 | D:8      | Found a bloodstained altar of Trog.
  8873 | D:8      | Reached ** piety under Cheibriados
  9027 | D:8      | Found a burning altar of Makhleb.
  9463 | D:9      | Noticed a soul eater
  9582 | D:9      | Reached *** piety under Cheibriados
  9687 | D:9      | Found a staircase to the Lair.
  9916 | D:9      | Noticed a two-headed ogre
  9930 | D:9      | Killed a two-headed ogre
 10196 | D:9      | Noticed Maggie
 10209 | D:9      | Killed Maggie
 10377 | D:9      | Found a staircase to the Orcish Mines.
 10503 | D:10     | Entered Level 10 of the Dungeon
 10506 | D:10     | Reached XP level 12. HP: 97/97 MP: 13/17
 10593 | D:10     | Reached **** piety under Cheibriados
 10709 | D:10     | Noticed a two-headed ogre
 10717 | D:10     | Killed a two-headed ogre
 10718 | D:10     | Reached skill level 10 in Fighting
 10718 | D:10     | Reached skill level 10 in Armour
 11011 | D:10     | Reached ***** piety under Cheibriados
 11934 | D:10     | Learned a level 2 spell: Cigotuvi's Dreadful Rot
 11980 | D:11     | Found Piebalak's Antique Armour Emporium.
 12459 | D:11     | You fall into a shaft and drop 2 floors!
 13306 | D:12     | Found Satrinwobu's General Store.
 13686 | D:12     | Noticed a two-headed ogre
 13695 | D:12     | Killed a two-headed ogre
 14126 | D:12     | Reached XP level 13. HP: 68/106 MP: 20/20
 14530 | D:13     | Got Sif Muna's Atlas of Captivating Impurities
 14538 | D:13     | Learned a level 6 spell: Eringya's Noxious Bog
 14549 | D:13     | Noticed a centaur warrior
 14556 | D:13     | Killed a centaur warrior
 14917 | D:13     | Noticed a centaur warrior
 14919 | D:13     | Noticed a four-headed hydra
 15078 | D:13     | Reached skill level 10 in Invocations
 15084 | D:13     | Noticed a centaur warrior
 15094 | D:13     | Killed a centaur warrior
 15304 | D:13     | Noticed a five-headed hydra
 15306 | D:13     | Reached skill level 5 in Transmutations
 15321 | D:13     | Killed a five-headed hydra
 15504 | D:13     | Noticed a centaur warrior
 15507 | D:13     | Noticed an eight-headed hydra
 15756 | D:13     | Killed a centaur warrior
 15762 | D:13     | Killed an eight-headed hydra
 16005 | D:13     | Noticed a centaur warrior
 16014 | D:13     | Killed a centaur warrior
 16247 | D:13     | Found a gate to the Vaults.
 16444 | D:13     | Noticed Jorgrun
 16467 | D:13     | Mangled by Jorgrun

Illustrated notes

Levels and vault maps discovered:
D:1:      matt_arrival_grand_opening, layout_basic,
          chequers_ecumenical_altar_grove, hangedman_decor_peaks_small
D:2:      layout_rooms, serial_rivers, chequers_serial_rivers_micro_d,
          chequers_serial_rivers_small_b, chequers_serial_rivers_room_a,
          chequers_serial_rivers_small_b, chequers_serial_rivers_marsh
D:3:      layout_basic
D:4:      layout_cave_pools, temple_pool_b, gammafunk_ghost_necromancy
D:5:      layout_loops_corners, mainiacjoe_overflow_two_lobes, enter_ossuary_3,
          minmay_ruined_shrine
D:6:      layout_rooms, ebering_ghost_sewer_d, serial_shops,
          nicolae_shop_hallway_stairs, nicolae_wand_duel, uniq_grinder,
          uniq_prince_ribbit1, uniq_menkaure
D:7:      minmay_the_grid_octo_tiled_octocenter
          [minmay_the_grid_octo_fan_narrow, minmay_the_grid_octo_chip,
          minmay_the_grid_octo_concentric, minmay_the_grid_octo_checkerflower,
          minmay_the_grid_octo_prize_big_c,
          minmay_the_grid_square_5x5_fancy_junction,
          minmay_the_grid_square_5x5_slash,
          minmay_the_grid_square_5x5_checkered_sparse,
          minmay_the_grid_square_5x5_one_wall], layout_basic,
          cheibriados_altar_1, mainiacjoe_overflow_six_doors_small,
          dk_yredelemnul_ordeal
D:8:      layout_loops_cross, lightli_temple_of_fire, kennysheep_mini_moat
D:9:      layout_roguey, erik_lair_island, minmay_orc_entry_temple_small,
          minmay_crystal_room, amcnicky_mini_pool_medium, uniq_maggie
D:10:     old_forge, layout_loops_ring, st_stairs_14, minmay_puff
D:11:     layout_basic, serial_shops, nicolae_shop_stone
D:12:     layout_long_grid, serial_shops, nicolae_shop_statue_plus,
          kennysheep_cross_bottleneck, minmay_misc_feat_five
D:13:     layout_roguey, hangedman_vaults_entry_quadrant_bands, serial_curves,
          eino_curves_01, eino_curves_04, eino_curves_01, eino_curves_02,
          minivault_20, nicolae_titane, uniq_jorgrun
Temple:   nicolae_temple_superstar

Skill      XL: |  1  2  3  4  5  6  7  8  9 10 11 12 13 |
---------------+----------------------------------------+-----
Fighting       | 1 2 3 5 6 8 9 11 12 | 12.0
Poison Magic   | 5 6 7 8 10 11 12 | 12.0
Spellcasting   | 3 |  3.0
Shields        | 1 2 3 5 |  5.0
Armour         | 1 2 3 4 5 7 9 12 | 12.9
Air Magic      | 2 4 5 |  5.0
Invocations    | 4 7 9 10 | 10.6
Transmutations | 6 |  6.4
Dodging        | |  1.7
Stealth        | |  2.4

Action                     |  1- 3 |  4- 6 |  7- 9 | 10-12 | 13-15 || total
---------------------------+-------+-------+-------+-------+-------++-------
  Melee: Unarmed           |    17 |       |       |       |       ||    17
         Short sword       |    62 |    64 |       |       |       ||   126
         Punch             |     1 |       |       |       |       ||     1
         Flail             |       |    92 |   111 |       |       ||   203
         Trident           |       |       |    53 |   318 |    70 ||   441
         Staff             |       |       |       |   139 |     8 ||   147
  Throw: Dart              |       |       |       |       |     1 ||     1
   Cast: Sting             |    48 |    22 |    28 |     8 |     5 ||   111
         Poisonous Vapours |       |    10 |    10 |    74 |    36 ||   130
         Olgreb's Toxic Ra |       |     5 |     7 |    38 |     9 ||    59
         Mephitic Cloud    |       |       |     1 |     5 |    13 ||    19
 Invoke: Bend Time         |       |       |       |     5 |     5 ||    10
         Slouch            |       |       |       |     1 |     1 ||     2
         Step From Time    |       |       |       |       |     1 ||     1
Ability: Dig               |       |       |       |     1 |       ||     1
  Evoke: Wand              |       |       |       |     3 |     3 ||     6
    Use: Scroll            |       |       |     6 |     9 |       ||    15
         Potion            |       |       |     1 |     3 |     2 ||     6
   Stab: Sleeping          |       |     2 |     2 |     4 |       ||     8
         Confused          |       |       |     2 |       |     3 ||     5
         Distracted        |       |       |       |     3 |       ||     3
 Armour: Robe              |    26 |    15 |       |       |       ||    41
         Leather armour    |       |    71 |    88 |    68 |       ||   227
         Plate armour      |       |       |    23 |       |       ||    23
         Acid dragon scale |       |       |       |    61 |       ||    61
         Chain mail        |       |       |       |    16 |    80 ||    96
  Dodge: Dodged            |    87 |   117 |   104 |   235 |    72 ||   615
  Block: Buckler           |       |    25 |    41 |   218 |    87 ||   371

Table legend: (Time is in decaauts)
 A = Elapsed time spent in this place.
 B = Non-inter-level travel time spent in this place.
 C = Inter-level travel time spent in this place.
 D = Time resting spent in this place.
 E = Time spent auto-exploring this place.
 F = Levels seen in this place.
 G = Mean time per level.
                   A        B        C        D        E       F      G
               +--------+--------+--------+--------+--------+-----+--------+
         Total |  19808 |  19278 |    530 |   3251 |  12504 |  15 | 1320.5 |
       Dungeon |  19210 |  18702 |    508 |   3251 |  12152 |  13 | 1477.7 |
        Temple |    136 |    114 |     22 |      0 |    100 |   1 |  136.0 |
       Ossuary |    461 |    461 |      0 |      0 |    252 |   1 |  461.0 |
               +--------+--------+--------+--------+--------+-----+--------+

Top non-repeatable levels by time:
    D:13: 2423 daAuts
     D:7: 2194 daAuts
    D:10: 2138 daAuts
    D:12: 2104 daAuts
    D:11: 1609 daAuts
     D:9: 1480 daAuts
     D:6: 1223 daAuts
     D:5: 1220 daAuts
     D:3: 1101 daAuts
     D:4: 1053 daAuts
     D:1: 1021 daAuts
     D:8: 1016 daAuts
     D:2: 622 daAuts
 Ossuary: 461 daAuts
  Temple: 136 daAuts
